 Dungeon Crawl Stone Soup version 0.23.0-3-gf3c87f2df8 (webtiles) character file.

Game seed: 865412499093901093

531887 mys the Executioner (level 24, 0/244 HPs)
             Began as a Deep Dwarf Hunter on Feb 22, 2019.
             Was a Believer of Elyvilon.
             Slain by a yaktaur captain (1 damage)
             ... on level 5 of the Vaults on Feb 23, 2019.
             The game lasted 06:27:55 (61540 turns).

mys the Executioner (Deep Dwarf Hunter)            Turns: 61540, Time: 06:27:56

Health: 0/244      AC: 45    Str: 24    XL:     24   Next: 99%
Magic:  29/29      EV: 18    Int: 18    God:    Elyvilon [**....]
Gold:   3558       SH:  0    Dex: 14    Spells: 23/23 levels left

rFire    + . .     SeeInvis +   a - +6 executioner's axe (chop)
rCold    + + .     Gourm    .   (shield currently unavailable)
rNeg     + + +     Faith    .   c - +8 ice dragon scales of the Bruised Places {rF- rC++ rN+ Int+4}
rPois    .         Spirit   .   W - +2 helmet {SInv}
rElec    .         Reflect  .   P - +2 cloak {+Inv}
rCorr    .         Harm     .   i - +2 pair of gloves {Str+3}
MR       +++..                  Z - +2 pair of boots {run}
Stlth    ++++......             l - amulet "Oradghauh" {Acrobat rF++}
HPRegen  0.00/turn              D - ring of Robustness {AC+8}
MPRegen  0.21/turn              U - ring of Zuguugir {+Blink rN+ Slay+3 Stlth+}

@: protection, marked, berserk cooldown, very slightly contaminated,
non-regenerating, slowed, very slow
A: damage resistance, heal wounds, blurry vision 1, clumsy 1, negative energy
resistance 1, sense surroundings 3, weak 1, no regeneration
}: 2/15 runes: decaying, serpentine
a: Heal Wounds, Lesser Healing, Heal Other, Divine Protection, Renounce
Religion, Evoke Blink, Evoke Invisibility


You were on level 5 of the Vaults.
You worshipped Elyvilon.
Elyvilon was pleased with you.
You were not hungry.

You visited 9 branches of the dungeon, and saw 45 of its levels.
You visited the Abyss 1 time.
You also visited: Trove, Sewer and Wizlab.

You collected 6568 gold pieces.
You spent 3010 gold pieces at shops.

Inventory:

Hand Weapons
 a - a +6 executioner's axe of chopping (weapon)
 b - a +9 arbalest of flaming
Missiles
 d - 1262 bolts
Armour
 c - the +8 ice dragon scales of the Bruised Places (worn) {rF- rC++ rN+ Int+4}
   (You bought it in a shop on level 2 of the Orcish Mines)

   It affects your intelligence (+4).
   It makes you vulnerable to fire.
   It greatly protects you from cold.
   It protects you from negative energy.
 i - a +2 pair of gloves of strength (worn)
 P - a +2 cloak of invisibility (worn)
 W - a +2 helmet of see invisible (worn)
 Z - a +2 pair of boots of running (worn)
Jewellery
 l - the amulet "Oradghauh" (around neck) {Acrobat rF++}
   (You found it on level 1 of the Snake Pit)

   [amulet of the acrobat]

   It helps you evade while moving and waiting.
   It greatly protects you from fire.
 D - the ring of Robustness (left hand) {AC+8}
   (You found it on level 5 of the Dungeon)

   [ring of protection]

   It affects your AC (+8).
 U - the ring of Zuguugir (right hand) {+Blink rN+ Slay+3 Stlth+}
   (You found it on level 3 of the Elven Halls)

   [ring of stealth]

   It affects your accuracy and damage with ranged weapons and melee attacks
   (+3).
   It protects you from negative energy.
   It lets you blink.
   It makes you more stealthy.
Wands
 h - a wand of disintegration (28)
 y - a wand of paralysis (31)
 C - a wand of acid (11)
 I - a wand of iceblast (17)
 J - a wand of polymorph (12)
 X - a wand of digging (15)
 Y - a wand of enslavement (14)
Scrolls
 g - 11 scrolls of amnesia
 q - a scroll of silence
 w - 11 scrolls of teleportation
 A - 4 scrolls of magic mapping
 F - 2 scrolls of holy word
 G - 15 scrolls of remove curse
 H - 2 scrolls of fog
 K - 8 scrolls of blinking
 L - 5 scrolls of immolation
 R - 6 scrolls of fear
 S - 4 scrolls of identify
Potions
 j - 5 potions of might
 m - 2 potions of resistance
 n - 4 potions of haste
 o - 6 potions of flight
 s - 2 potions of cancellation
 t - 3 potions of agility
 u - 6 potions of lignification
 v - 4 potions of curing
 M - 8 potions of ambrosia
 O - 8 potions of heal wounds
Miscellaneous
 f - a phantom mirror
 z - a lightning rod (4/4)
 E - a lamp of fire (inert)
Comestibles
 e - 42 rations


   Skills:
 + Level 20.1 Fighting
 + Level 26.1 Axes
 + Level 17.3 Crossbows
 + Level 14.5 Armour
 + Level 13.2 Dodging
 + Level 10.7 Stealth
 + Level 18.3 Invocations
 + Level 10.2 Evocations


You had 23 spell levels left.
You didn't know any spells.
Your spell library contained the following spells:

 Spells                   Type           Power        Failure   Level  Hunger
 Animate Skeleton         Necr           N/A          43%         1    ##.....
 Apportation              Tloc           #.....       43%         1    ##.....
 Confusing Touch          Hex            #.....       43%         1    ##.....
 Corona                   Hex            #......      43%         1    ##.....
 Flame Tongue             Conj/Fire      #....        43%         1    ##.....
 Magic Dart               Conj           #...         43%         1    ##.....
 Pain                     Necr           #...         43%         1    ##.....
 Shock                    Conj/Air       #...         43%         1    ##.....
 Sting                    Conj/Pois      #...         43%         1    ##.....
 Summon Butterflies       Summ           #.......     43%         1    ##.....
 Summon Small Mammal      Summ           #...         43%         1    ##.....
 Call Imp                 Summ           #.......     56%         2    ###....
 Corpse Rot               Necr           N/A          56%         2    ###....
 Ensorcelled Hibernation  Hex/Ice        #.....       56%         2    ###....
 Poisonous Vapours        Pois/Air       #.....       56%         2    ###....
 Slow                     Hex            #.......     56%         2    ###....
 Sublimation of Blood     Necr           #.........   56%         2    ###....
 Swiftness                Chrm/Air       #.......     56%         2    ###....
 Throw Flame              Conj/Fire      #.....       56%         2    ###....
 Call Canine Familiar     Summ           #.......     80%         3    ####...
 Confuse                  Hex            #.......     80%         3    ####...
 Conjure Flame            Conj/Fire      #.......     80%         3    ####...
 Dazzling Spray           Conj/Hex       #.....       80%         3    ####...
 Gell's Gravitas          Tloc           #.........   80%         3    ####...
 Inner Flame              Hex/Fire       #.......     80%         3    ####...
 Lesser Beckoning         Tloc           #.........   80%         3    ####...
 Mephitic Cloud           Conj/Pois/Air  #.......     80%         3    ####...
 Recall                   Summ/Tloc      N/A          80%         3    ####...
 Static Discharge         Conj/Air       #.......     80%         3    ####...
 Summon Guardian Golem    Hex/Summ       #.......     80%         3    ####...
 Tukima's Dance           Hex            #.......     80%         3    ####...
 Vampiric Draining        Necr           #.........   80%         3    ####...
 Airstrike                Air            #.........   99%         4    #####..
 Animate Dead             Necr           N/A          99%         4    #####..
 Cause Fear               Hex            #.........   99%         4    #####..
 Fulminant Prism          Conj/Hex       #.........   99%         4    #####..
 Ice Form                 Ice/Tmut       #.......     99%         4    #####..
 Iskenderun's Mystic Bla  Conj           #.......     99%         4    #####..
 Leda's Liquefaction      Hex/Erth       #.........   99%         4    #####..
 Petrify                  Tmut/Erth      #.......     99%         4    #####..
 Sticky Flame             Conj/Fire      #.......     99%         4    #####..
 Summon Ice Beast         Ice/Summ       #.......     99%         4    #####..
 Summon Lightning Spire   Summ/Air       #.......     99%         4    #####..
 Agony                    Necr           #.......     100%        5    ######.
 Alistair's Intoxication  Tmut/Pois      #.......     100%        5    ######.
 Aura of Abjuration       Summ           #.........   100%        5    ######.
 Bolt of Draining         Conj/Necr      #.........   100%        5    ######.
 Bolt of Magma            Conj/Fire/Erth #.........   100%        5    ######.
 Borgnjor's Vile Clutch   Necr/Erth      #.........   100%        5    ######.
 Dispel Undead            Necr           #.......     100%        5    ######.
 Excruciating Wounds      Chrm/Necr      #.........   100%        5    ######.
 Fireball                 Conj/Fire      #.........   100%        5    ######.
 Iskenderun's Battlesphe  Conj/Chrm      #.......     100%        5    ######.
 Lightning Bolt           Conj/Air       #.........   100%        5    ######.
 Metabolic Englaciation   Hex/Ice        #.........   100%        5    ######.
 Silence                  Hex/Air        #.........   100%        5    ######.
 Summon Demon             Summ           #.........   100%        5    ######.
 Summon Forest            Summ/Tloc      #.........   100%        5    ######.
 Summon Mana Viper        Hex/Summ       #.......     100%        5    ######.
 Venom Bolt               Conj/Pois      #.........   100%        5    ######.
 Yara's Violent Unravell  Hex/Tmut       #.........   100%        5    ######.
 Bolt of Cold             Conj/Ice       #.........   100%        6    #######
 Death Channel            Necr           #.........   100%        6    #######
 Deflect Missiles         Chrm/Air       #.........   100%        6    #######
 Freezing Cloud           Conj/Ice/Air   #.........   100%        6    #######
 Invisibility             Hex            #.......     100%        6    #######
 Iron Shot                Conj/Erth      #.........   100%        6    #######
 Ozocubu's Refrigeration  Ice            #.........   100%        6    #######
 Shadow Creatures         Summ           N/A          100%        6    #######
 Simulacrum               Ice/Necr       #.........   100%        6    #######
 Statue Form              Tmut/Erth      #........    100%        6    #######
 Haunt                    Necr/Summ      #.........   100%        7    #######
 Malign Gateway           Summ/Tloc      #.........   100%        7    #######
 Orb of Destruction       Conj           #.........   100%        7    #######
 Ring of Flames           Chrm/Fire      #.........   100%        7    #######
 Spellforged Servitor     Conj/Summ      #.........   100%        7    #######
 Summon Hydra             Summ           #.........   100%        7    #######
 Borgnjor's Revivificati  Necr           #.........   100%        8    #######
 Death's Door             Chrm/Necr      #.........   100%        8    #######
 Discord                  Hex            #.........   100%        8    #######
 Infestation              Necr           #.........   100%        8    #######
 Necromutation            Tmut/Necr      #.........   100%        8    #######
 Shatter                  Erth           #.........   100%        9    #######
 Regeneration             Chrm/Necr      Unusable     N/A         3    N/A

Dungeon Overview and Level Annotations

Branches:
Dungeon (15/15)            Temple (1/1) D:5            Lair (6/6) D:8
  Swamp (4/4) Lair:2        Snake (4/4) Lair:4        Slime (0/5) Lair:6
    Orc (2/2) D:11            Elf (3/3) Orc:2        Vaults (5/5) D:14
  Crypt (0/3) Vaults:3     Depths (5/5) D:15            Zot (0/5) Depths:5

Altars:
Ashenzari
Cheibriados
Dithmenos
Elyvilon
Fedhas
Gozag
Hepliaklqana
Kikubaaqudgha
Makhleb
Nemelex Xobeh
Okawaru
Qazlal
Ru
Sif Muna
Trog
Uskayaw
Vehumet
Wu Jian
Xom
Yredelemnul
Zin
The Shining One
Beogh
Jiyva

Shops:
D:11 [   Orc:2 :*[(   Elf:3 !   Snake:2 ==}   Vaults:3 [   Depths:1 *
Depths:4 =

Portals:
Hell: Depths:1 Depths:2 Depths:3 Depths:4 Depths:5
Abyss: Depths:2 Depths:4 Depths:5
Pandemonium: Depths:3 Depths:5
Ziggurat: Depths:1

Annotations:
Lair:1 Stash 1
Vaults:1 Stash 2
Depths:2 2 transporters, P0WERM0DE's ghost, adept DDFi


Innate Abilities, Weirdness & Mutations

You are resistant to damage.
You can heal yourself by infusing magical energy.
You resist negative energy. (rN+)
You passively map a large area around you.
You do not regenerate.
Scrolls take you a little longer to read.
You are clumsy. (Dex -2)
You are weak. (Str -2)


Message History

The wavering orb of destruction weakly hits the stone giant!!!
The stone giant is blown up!
The yaktaur shoots a bolt.
The bolt closely misses you.
The yaktaur captain is engulfed in blazing flames.
The white very ugly thing is engulfed in blazing flames.
The yaktaur captain hits you but does no damage.
The yaktaur is engulfed in blazing flames.
An orc knight comes into view. It is wielding a +0 great sword.
The yaktaur captain unwields a +0 arbalest.
The yaktaur captain completely misses you.
The ancient lich gestures at you while chanting.
The bolt of lightning hits you!! Elyvilon protects you from harm!
The yaktaur captain is engulfed in blazing flames.
The titan is engulfed in blazing flames.
The vault warden hits you but does no damage.
Really read with blurry vision while enemies are nearby?
The ancient lich touches you but does no damage.
The yaktaur captain hits you!
You die...

, , ** ...* , , , ##}o#*
,, * * , ##...#* .p#, ,
,#o§§o##....# , , , * ,
,, ##c○c§.#....#, ,,,
,##ucCT.§#....#,,# , *
##.#####cuCuOp§#....# .#,
,
......)cpLcp°p.#§...#...
,,
.....ooc@##).(§§§.......,
* ***
##############C§p..pp.##
, , ,,, ......§§§p§<..p..
, , ,, ,
.......§§§).<.... , , , ,
,.......^..<<..p.. , , ,
..............).. *** ***
#######....)...##* , , ,,
, , , ........... , , ,
##.#....#...


You could see 2 ironheart preservers, a titan, an ancient lich, 3 very ugly
things, a vault warden, 4 yaktaur captains, an orc knight, an ettin, a deep
troll, a vault sentinel, 3 yaktaurs, an orc warrior, an ogre and 3 orcs.

Vanquished Creatures
  A juggernaut (Depths:4)
  Sojobo (Vaults:2)
  Frederick (Depths:3)
  Margery (Vaults:2)
  A caustic shrike (Depths:4)
  3 golden dragons
  A bone dragon (Depths:5)
  5 tentacled monstrosities
  A quicksilver dragon (Vaults:5)
  Asterion (Vaults:1)
  2 deep elf blademasters (Elf:3)
  2 deep elf master archers (Elf:3)
  4 liches
  Gastronok (D:10)
  6 sphinxes
  A thorn hunter (Swamp:3)
  Donald (Orc:1)
  7 shadow dragons
  4 storm dragons
  Roxanne (Swamp:2)
  7 nagarajas
  7 tengu reavers
  A draconian monk (Depths:5)
  8 fire giants
  An iron dragon (Depths:4)
  7 deep elf sorcerers
  Louise (Swamp:1)
  A draconian shifter (Depths:5)
  7 frost giants
  10 vault wardens
  An orc warlord (Orc:2)
  A cacodemon (Depths:5)
  3 deep elf elementalists (Elf:3)
  A war gargoyle (Vaults:3)
  A draconian annihilator (Depths:5)
  The ghost of Banto the Impaler, a journeyman DsGl of Okawaru (Orc:2)
  23 stone giants
  14 very ugly things
  3 vampire knights
  A caustic shrike skeleton (Depths:4)
  12 ironheart preservers
  The ghost of haesbaert the Destroyer, a journeyman HuWz of Ru (Lair:3)
  12 purple draconians (WizLab)
  6 deep elf demonologists
  A yellow draconian (Depths:5)
  2 green draconians (Depths:5)
  6 spark wasps
  12 deep elf annihilators
  A white draconian (Depths:5)
  The ghost of syranez the Thaumaturge, a journeyman DEEE of Vehumet (Lair:3)
  9 statues (WizLab)
  11 ettins
  4 crystal guardians (Depths:3)
  A merfolk impaler (Depths:5)
  16 fire dragons
  9 deep elf death magi
  The ghost of Zaque the Severer, a journeyman MiBe of Trog (D:10)
  12 ogre magi
  2 jiangshi (Depths:4)
  4 great orbs of eyes
  2 deep elf high priests
  12 naga warriors
  13 yaktaur captains
  5 ice dragons
  A hydra (shapeshifter) (Depths:1)
  18 hydras
  The ghost of Fliddo the Thaumaturge, a journeyman GnSk of Cheibriados (D:10)
  14 vault guards
  A hell beast (Depths:1)
  5 spriggan air magi
  2 rakshasas (Depths:2)
  2 catoblepae
  10 anacondas
  A monstrous demonspawn (Depths:3)
  15 centaur warriors
  A ghost crab (Swamp:4)
  2 death knights
  27 dancing weapons
  27 two-headed ogres
  12 alligators
  16 deep troll shamans
  5 death yaks (Lair:6)
  6 shambling mangroves
  3 orc high priests (Orc:2)
  2 vampire magi
  16 deep troll earth magi
  7 shock serpents
  5 tengu warriors
  A thrashing horror (Abyss:2)
  4 spriggan berserkers
  A titan zombie (Depths:4)
  24 naga sharpshooters
  A titan skeleton (Vaults:3)
  A soul eater (Depths:3)
  Sonja (D:10)
  2 sixfirhies
  28 deep elf knights
  A storm dragon skeleton (Vaults:4)
  2 salamander mystics
  10 skeletal warriors
  14 iron trolls
  An unseen horror (shapeshifter) (D:14)
  6 hell knights
  6 wizards
  3 shadow wraiths
  2 spriggan druids
  4 unseen horrors
  13 swamp dragons
  An infernal demonspawn (Depths:5)
  33 deep trolls
  7 glowing orange brains
  11 deep elf archers
  11 ironbrand convokers
  8 naga ritualists
  A shadow dragon zombie (Depths:4)
  2 phantasmal warriors (Depths:5)
  A flayed ghost (D:13)
  An orange crystal statue (Depths:3)
  The ghost of Murks the Skirmisher, a novice DsNe of Makhleb (D:7)
  A lindwurm (Lair:6)
  44 ugly things
  10 necromancers
  A shining eye (Snake:2)
  16 orc knights
  2 tengu skeletons
  13 mana vipers
  A cyclops (shapeshifter) (Vaults:4)
  5 orc sorcerers
  3 wolf spiders
  A shadow dragon skeleton (Depths:4)
  11 salamanders
  72 deep elf magi
  A sphinx skeleton (Vaults:4)
  3 oklob plants
  A manticore (shapeshifter) (D:15)
  7 cyclopes
  5 elephants (Lair:6)
  A stone giant zombie (Vaults:4)
  A rust devil (Depths:3)
  6 manticores
  22 naga magi
  A frost giant skeleton (Vaults:3)
  37 black mambas
  14 vault sentinels
  2 torpor snails
  17 guardian serpents
  4 gargoyles
  5 spectral swamp worms (Depths:3)
  2 molten gargoyles (Lair:6)
  10 centaur skeletons
  A spiny frog (shapeshifter) (Depths:1)
  11 komodo dragons
  A rime drake (Lair:4)
  21 spiny frogs
  2 freezing wraiths
  A hellion (Depths:3)
  47 yaktaurs
  A small abomination (Elf:3)
  A komodo dragon (shapeshifter) (Depths:3)
  3 efreet (Depths:2)
  An ice devil (Depths:5)
  2 red devils
  4 tengu conjurers
  7 human skeletons
  2 tengu simulacra
  2 polar bears
  14 hornets
  6 tyrant leeches
  7 trolls
  2 spectral orcs (Orc:2)
  The ghost of Sar the Ducker, an amateur MfWz (D:5)
  A merfolk (Snake:2)
  27 blink frogs
  11 hippogriffs
  44 slime creatures
  10 bog bodies
  A sphinx simulacrum (Vaults:4)
  A snapping turtle (Snake:2)
  An ettin zombie (Depths:1)
  2 shadows
  6 water elementals
  An air elemental (Elf:3)
  2 redbacks (Depths:2)
  9 spriggans
  2 vampires
  A spriggan simulacrum (Depths:4)
  A yak (shapeshifter) (D:13)
  Sigmund (D:4)
  4 fire elementals
  A basilisk (shapeshifter) (D:12)
  3 wraiths
  A tarantella (shapeshifter) (Vaults:4)
  Eustachio (D:6)
  8 wyverns
  38 yaks
  11 basilisks
  2 yaktaur simulacra (Vaults:1)
  A steam dragon (Lair:6)
  12 vampire mosquitoes
  2 hungry ghosts (D:14)
  A redback simulacrum (D:15)
  6 wargs
  60 nagas
  17 swamp worms
  A warg (shapeshifter) (Depths:4)
  A soldier ant (shapeshifter) (Vaults:2)
  20 insubstantial wisps
  A soldier ant (D:12)
  19 water moccasins
  4 hell hounds (Lair:6)
  2 acid dragons
  A floating eye (Depths:5)
  36 orc warriors
  A floating eye (shapeshifter) (Vaults:3)
  15 porcupines
  A black bear (D:10)
  A black bear (shapeshifter) (Depths:5)
  12 swamp drakes
  5 sky beasts
  An eye of draining (shapeshifter) (Depths:3)
  3 ettin simulacra (Depths:2)
  A phantom (D:6)
  A boggart (Depths:2)
  3 hornet zombies
  8 ice beasts
  A necrophage (D:9)
  24 centaurs
  An elf skeleton (Vaults:3)
  9 wolves
  37 ogres
  9 crocodiles
  4 big kobolds
  14 bullfrogs
  6 earth elementals
  A spectral warg (Orc:2)
  2 water moccasin zombies
  3 wyvern skeletons
  4 scorpions
  6 killer bees
  A human simulacrum (Vaults:2)
  7 wights
  2 electric eels
  3 howler monkeys
  9 lava snakes
  8 crimson imps
  3 centaur zombies
  6 quasits
  2 bullfrog zombies
  9 hounds
  A jelly (D:5)
  A bullfrog skeleton (D:10)
  25 orc priests
  2 iron imps
  2 iguanas (D:6)
  Terence (D:2)
  28 orc wizards
  5 hell rats (Lair:3)
  11 worker ants
  2 hound zombies
  A hound skeleton (D:4)
  A worker ant zombie (D:10)
  Robin (D:2)
  6 gnolls
  A river rat (Sewer)
  20 adders
  2 ogre simulacra (Orc:2)
  12 shadow imps
  3 ufetubi
  5 oozes
  2 adder zombies
  4 adder skeletons
  9 worms
  2 dart slugs
  8 leopard geckos
  120 orcs
  6 ball pythons
  4 bats
  10 giant cockroaches
  7 hobgoblins
  13 jackals
  9 quokkas
  A ball python skeleton (D:6)
  7 frilled lizards
  7 goblins
  14 kobolds
  A leopard gecko skeleton (D:4)
  A quokka skeleton (D:10)
  10 rats
  A crawling corpse (Elf:3)
  14 fungi
  21 plants
2154 creatures vanquished.

Vanquished Creatures (collateral kills)
  A hell knight (Vaults:2)
  A deep troll (Depths:4)
  An orc sorcerer (Vaults:2)
  An orc priest (D:12)
  2 orcs
6 creatures vanquished.

Vanquished Creatures (others)
  A tentacled monstrosity (Vaults:5)
  2 tengu reavers
  A fire giant (Depths:2)
  A stone giant (Vaults:5)
  A two-headed ogre (Vaults:5)
  2 deep elf knights
  A deep elf archer (Elf:1)
  An ironbrand convoker (Vaults:5)
  An orb spider (Depths:2)
  2 slime creatures (Swamp:1)
  A spriggan (shapeshifter) (Depths:2)
  A naga (Snake:4)
  3 boggarts (Depths:2)
  A quasit (Depths:5)
  A quokka (D:8)
  2 briar patches (Swamp:3)
  8 fungi (Lair:6)
  10 plants
  13 toadstools (D:2)
  5 withered plants (D:10)
58 creatures vanquished.

Grand Total: 2218 creatures vanquished

Notes
Turn   | Place    | Note
-------+----------+-------------------------------------------
     0 | D:1      | mys the Deep Dwarf Hunter began the quest for the Orb.
     0 | D:1      | Reached XP level 1. HP: 19/19 MP: 1/1
   268 | D:1      | Reached XP level 2. HP: 26/26 MP: 2/2
   338 | D:1      | Reached skill level 5 in Crossbows
   716 | D:1      | Reached XP level 3. HP: 29/32 MP: 3/3
  1221 | D:2      | Noticed Terence
  1227 | D:2      | Killed Terence
  1234 | D:2      | Reached XP level 4. HP: 31/39 MP: 4/4
  1507 | D:2      | Found a faded altar of an unknown god.
  1566 | D:2      | Found a blossoming altar of Fedhas.
  1577 | D:2      | Noticed an oklob plant
  1753 | D:2      | Noticed Robin
  1761 | D:2      | Killed Robin
  1761 | D:2      | Reached skill level 1 in Armour
  2084 | D:3      | Found a hazy altar of Hepliaklqana.
  2115 | D:3      | Reached XP level 5. HP: 29/46 MP: 5/5
  2559 | D:4      | Noticed Sigmund
  3003 | D:5      | Entered Level 5 of the Dungeon
  3011 | D:5      | Reached skill level 1 in Axes
  3028 | D:5      | Reached XP level 6. HP: 54/55 MP: 6/6
  3073 | D:5      | Found an ancient bone altar of Kikubaaqudgha.
  3143 | D:5      | Found a shattered altar of Ashenzari.
  3343 | D:5      | Found a staircase to the Ecumenical Temple.
  3352 | Temple   | Entered the Ecumenical Temple
  3610 | D:5      | Reached skill level 2 in Axes
  3750 | D:5      | Found a runed translucent door.
  3755 | D:5      | Noticed Sar's ghost (amateur MfWz)
  3890 | D:5      | Noticed an ice beast
  3893 | D:5      | Noticed an ice beast
  3897 | D:5      | Found the ring of Robustness {AC+8}
  3946 | D:5      | Killed an ice beast
  4001 | D:5      | Noticed a hippogriff
  4002 | D:5      | Noticed a two-headed ogre
  4030 | D:5      | Killed a hippogriff
  4030 | D:5      | Reached skill level 4 in Axes
  4030 | D:5      | Reached XP level 7. HP: 31/61 MP: 7/7
  4149 | D:6      | Noticed Eustachio
  4184 | D:7      | Reached skill level 5 in Axes
  4378 | D:6      | Reached XP level 8. HP: 56/69 MP: 8/8
  4507 | D:6      | Killed Eustachio
  4507 | D:6      | Reached skill level 6 in Axes
  4800 | D:6      | Found a glowing drain.
  4822 | Sewer    | Entered a sewer
  5899 | D:7      | Gained mutation: You passively map the area around you.
                  | [Deep Dwarf growth]
  5899 | D:7      | Reached XP level 9. HP: 52/79 MP: 9/9
  6161 | D:7      | Noticed Murks's ghost (novice DsNe)
  6164 | D:7      | Found a transporter.
  6167 | D:7      | Found a transporter.
  6403 | D:7      | Reached skill level 7 in Axes
  6784 | D:8      | Reached skill level 5 in Fighting
  6827 | D:8      | Noticed a troll
  6966 | D:8      | Found a staircase to the Lair.
  7014 | D:8      | Reached skill level 5 in Stealth
  7066 | D:8      | Reached skill level 8 in Axes
  7115 | D:8      | Killed a troll
  7115 | D:8      | Reached skill level 10 in Crossbows
  7153 | D:8      | Found a white marble altar of Elyvilon.
  7160 | D:8      | Became a worshipper of Elyvilon the Healer
  7234 | D:8      | Reached XP level 10. HP: 65/91 MP: 10/10
  7553 | D:8      | Reached skill level 5 in Dodging
  8240 | D:5      | Killed a two-headed ogre
  8457 | D:5      | Killed Sar's ghost
  8538 | D:4      | Killed Sigmund
  8785 | D:2      | Killed an oklob plant
  8785 | D:2      | Reached skill level 9 in Axes
  9232 | D:9      | Reached * piety under Elyvilon
  9544 | D:9      | Reached skill level 5 in Armour
  9756 | D:9      | Found a bloodstained altar of Trog.
  9759 | D:9      | Found a shattered altar of Ashenzari.
  9762 | D:9      | Found a hide-covered altar of Uskayaw.
 10001 | D:10     | Entered Level 10 of the Dungeon
 10027 | D:10     | Reached skill level 1 in Invocations
 10166 | D:10     | Found a runed translucent gate.
 10166 | D:10     | Found a runed translucent gate.
 10169 | D:10     | Found a runed translucent gate.
 10170 | D:10     | Noticed Zaque's ghost (journeyman MiBe)
 10170 | D:10     | Noticed Fliddo's ghost (journeyman GnSk)
 10188 | D:10     | Reached ** piety under Elyvilon
 10191 | D:10     | Noticed Gastronok
 10204 | D:10     | Noticed Sonja
 10216 | D:10     | Paralysed by Sonja for 6 turns
 10232 | D:10     | Elyvilon protects you from harm!
 10232 | D:10     | Cast into level 2 of the Abyss (Sonja)
 10254 | Abyss:2  | Found a snail-covered altar of Cheibriados.
 10257 | Abyss:2  | Noticed a thrashing horror
 10269 | Abyss:2  | Killed a thrashing horror
 10269 | Abyss:2  | Reached XP level 11. HP: 81/100 MP: 3/10
 10315 | Abyss:2  | Noticed a deep elf mage
 10317 | D:10     | Escaped the Abyss
 10330 | D:10     | Killed Sonja
 10369 | D:10     | Killed Gastronok
 10369 | D:10     | Reached skill level 10 in Axes
 11301 | D:11     | Found a staircase to the Orcish Mines.
 11301 | D:11     | Found Ranwiuco's Armour Emporium.
 11422 | D:11     | Noticed a two-headed ogre
 11430 | D:11     | Killed a two-headed ogre
 11507 | D:11     | Reached *** piety under Elyvilon
 11765 | D:11     | Reached skill level 11 in Axes
 12527 | D:12     | Reached XP level 12. HP: 108/111 MP: 13/13
 13052 | D:12     | Noticed a four-headed hydra
 13058 | D:12     | Killed a four-headed hydra
 13058 | D:12     | Reached skill level 12 in Axes
 13112 | D:12     | Identified the Tome of the Damaging Entourage
 13318 | D:12     | Reached **** piety under Elyvilon
 13438 | D:12     | Noticed a centaur warrior
 13464 | D:12     | Killed a centaur warrior
 13464 | D:12     | Reached skill level 5 in Invocations
 13535 | D:12     | Noticed a two-headed ogre
 13539 | D:12     | Killed a two-headed ogre
 13552 | D:12     | Identified the Disquisition on Supportive Curses
 13702 | D:12     | Noticed a centaur warrior
 13703 | D:12     | Noticed a centaur warrior
 13707 | D:12     | Reached skill level 1 in Evocations
 13711 | D:12     | Killed a centaur warrior
 13711 | D:12     | Reached skill level 13 in Axes
 13720 | D:12     | Killed a centaur warrior
 13826 | D:12     | Noticed a two-headed ogre
 13839 | D:12     | Killed a two-headed ogre
 13858 | D:12     | Noticed a two-headed ogre
 13865 | D:12     | Killed a two-headed ogre
 13898 | D:12     | Reached XP level 13. HP: 89/121 MP: 15/15
 13924 | D:12     | Got a scintillating brass ring
 13926 | D:12     | Identified the ring "Yriel" {*Contam +Fly rPois rN+} (You
                  | found it on level 12 of the Dungeon)
 13951 | D:12     | Gained mutation: You are weak. (Str -2) [mutagenic glow]
 14036 | D:12     | Got a fine hunting sling
 14037 | D:12     | Identified the +4 hunting sling of Zalotaij {venom, rPois
                  | Str+5 Int-2} (You found it on level 12 of the Dungeon)
 14402 | D:13     | Found a transporter.
 14743 | D:13     | You fall through a shaft!
 14821 | D:14     | Found a portal to a secret trove of treasure.
 14886 | D:14     | Reached skill level 10 in Fighting
 15060 | D:13     | Got a polished scale mail
 15071 | D:13     | Identified the cursed +0 scale mail of Listlessness {rElec
                  | Regen+ Int-5 Stlth+} (You found it on level 13 of the
                  | Dungeon)
 15133 | D:13     | Reached skill level 14 in Axes
 15339 | D:13     | Found a transporter.
 16158 | D:7      | Killed Murks's ghost
 16273 | D:10     | Killed Zaque's ghost
 16290 | D:10     | Killed Fliddo's ghost
 16475 | D:14     | Gained mutation: You resist negative energy. (rN+) [Deep
                  | Dwarf growth]
 16475 | D:14     | Reached XP level 14. HP: 133/133 MP: 17/17
 17108 | D:14     | Found a gate to the Vaults.
 17145 | D:15     | Entered Level 15 of the Dungeon
 17238 | D:15     | Reached skill level 15 in Axes
 17544 | D:15     | Found a staircase to the Depths.
 17545 | D:15     | Noticed a fire giant
 17589 | D:15     | Killed a fire giant
 17589 | D:15     | Reached XP level 15. HP: 77/140 MP: 19/19
 18165 | D:13     | Noticed a sphinx
 18166 | D:13     | Noticed a tengu reaver
 18167 | D:13     | Noticed a sphinx
 18189 | D:13     | Killed a tengu reaver
 18189 | D:13     | Killed a sphinx
 18210 | D:13     | Killed a sphinx
 18210 | D:13     | Reached skill level 16 in Axes
 18360 | D:13     | Got a heavily runed silver ring
 18362 | D:13     | Identified the ring "Homuc" {rF+ Int+4 SInv Stlth+} (You
                  | found it on level 13 of the Dungeon)
 18386 | D:13     | Got a transparent silver amulet
 18387 | D:13     | Identified the amulet of Jyivoic {Spirit Dex+4} (You found
                  | it on level 13 of the Dungeon)
 18576 | Lair:1   | Entered Level 1 of the Lair of Beasts
 19661 | Lair:2   | Reached ***** piety under Elyvilon
 19690 | Lair:2   | Found a staircase to the Swamp.
 20519 | Lair:3   | Got a crystal war axe
 20520 | Lair:3   | Identified the +1 war axe "Weijoag" {chop, rF+ rN+ MR+}
                  | (You found it on level 3 of the Lair of Beasts)
 20708 | Lair:3   | Found a runed translucent gate.
 20709 | Lair:3   | Found a runed translucent gate.
 20710 | Lair:3   | Found a runed translucent gate.
 20712 | Lair:3   | Noticed haesbaert's ghost (journeyman HuWz)
 20712 | Lair:3   | Noticed syranez's ghost (journeyman DEEE)
 21100 | Lair:3   | Killed syranez's ghost
 21140 | Lair:3   | Killed haesbaert's ghost
 21140 | Lair:3   | Reached skill level 10 in Invocations
 21587 | Lair:4   | Found a staircase to the Snake Pit.
 22239 | Lair:5   | Reached ****** piety under Elyvilon
 23338 | Lair:6   | Entered Level 6 of the Lair of Beasts
 23379 | Lair:6   | Reached XP level 16. HP: 149/152 MP: 20/20
 23459 | Lair:6   | Got a ripped robe
 23470 | Lair:6   | Identified the cursed +0 robe "Wiewum" {Dex+5 SInv} (You
                  | found it on level 6 of the Lair of Beasts)
 23591 | Lair:6   | Reached skill level 17 in Axes
 23777 | Lair:6   | Found a viscous altar of Jiyva.
 23778 | Lair:6   | Found a staircase to the Slime Pits.
 24353 | Lair:6   | Found a large runed translucent door.
 24353 | Lair:6   | Found a large runed translucent door.
 25127 | Orc:1    | Entered Level 1 of the Orcish Mines
 25405 | Orc:2    | Entered Level 2 of the Orcish Mines
 25405 | Orc:2    | Noticed Donald
 25597 | Orc:1    | Killed Donald
 25731 | Orc:2    | Found a runed translucent gate.
 25732 | Orc:2    | Found a runed translucent gate.
 25734 | Orc:2    | Found a runed translucent gate.
 25802 | Orc:2    | Found a roughly hewn altar of Beogh.
 25840 | Orc:2    | Found a staircase to the Elven Halls.
 26580 | Orc:2    | Noticed Banto's ghost (journeyman DsGl)
 26688 | Orc:2    | Found Roiwun's General Store.
 26689 | Orc:2    | Found Fofughaq's Book Shoppe.
 26691 | Orc:2    | Found Lakhiut's Antique Armour Emporium.
 26691 | Orc:2    | Found Fikabbas's Antique Weapon Emporium.
 26890 | Orc:2    | Reached skill level 10 in Armour
 26945 | Orc:2    | Killed Banto's ghost
 27325 | Orc:2    | Bought faintly humming ice dragon scales for 2015 gold
                  | pieces
 27335 | Orc:2    | Identified the +8 ice dragon scales of the Bruised Places
                  | {rF- rC++ rN+ Int+4} (You bought it in a shop on level 2 of
                  | the Orcish Mines)
 27345 | Orc:2    | Bought a pair of glowing gloves for 232 gold pieces
 27365 | Orc:2    | Bought a potion of berserk rage for 60 gold pieces
 27365 | Orc:2    | Bought a scroll of immolation for 42 gold pieces
 27365 | Orc:2    | Bought a scroll of identify for 24 gold pieces
 27547 | Swamp:1  | Entered Level 1 of the Swamp
 28369 | Swamp:1  | Noticed Louise
 28385 | Swamp:1  | Reached skill level 18 in Axes
 28414 | Swamp:1  | Killed Louise
 28756 | Swamp:2  | Noticed Roxanne
 28856 | Swamp:2  | Killed Roxanne
 28856 | Swamp:2  | Reached XP level 17. HP: 130/164 MP: 22/22
 30428 | Swamp:4  | Entered Level 4 of the Swamp
 31059 | Swamp:4  | Reached skill level 5 in Evocations
 31271 | Swamp:4  | Got a decaying rune of Zot
 31594 | Snake:1  | Entered Level 1 of the Snake Pit
 31714 | Snake:1  | Got a distressingly furry leather armour
 31725 | Snake:1  | Identified the cursed +0 leather armour of Oskin {rPois rC-
                  | Slay+2} (You found it on level 1 of the Snake Pit)
 31872 | Snake:1  | Found a transporter.
 31953 | Snake:1  | Got a scorched whip
 31954 | Snake:1  | Identified the +9 whip "Quakk" {freeze, SInv} (You found it
                  | on level 1 of the Snake Pit)
 31992 | Snake:1  | Reached skill level 19 in Axes
 32028 | Snake:1  | Found a transporter.
 32455 | Snake:1  | Got a twitching zirconium amulet
 32469 | Snake:1  | Got an encrusted hand axe
 32472 | Snake:1  | Got a coiled platinum ring
 32485 | Snake:1  | Identified the ring "Zaer" {*Corrode rC+ Int+6 Dex+4} (You
                  | found it on level 1 of the Snake Pit)
 32486 | Snake:1  | Identified the amulet "Oradghauh" {Acrobat rF++} (You found
                  | it on level 1 of the Snake Pit)
 32503 | Snake:1  | Identified the +9 hand axe of Pofoekown {antimagic, rPois
                  | Str+7} (You found it on level 1 of the Snake Pit)
 32694 | Snake:2  | Gained mutation: You are clumsy. (Dex -2) [a shining eye]
 32823 | Snake:2  | Reached skill level 10 in Dodging
 33085 | Snake:2  | Gained mutation: You passively map a large area around you.
                  | [Deep Dwarf growth]
 33085 | Snake:2  | Reached XP level 18. HP: 167/175 MP: 8/24
 33511 | Snake:2  | Found Moamuw's Jewellery Shop.
 33513 | Snake:2  | Found Vuqagg's Gadget Emporium.
 33514 | Snake:2  | Found Guaduv's Jewellery Shop.
 33519 | Snake:2  | Bought a cursed amulet of inaccuracy for 34 gold pieces
 33526 | Snake:2  | Bought a cursed ring of attention for 67 gold pieces
 33526 | Snake:2  | Bought a cursed -3 ring of slaying for 30 gold pieces
 35235 | Snake:4  | Entered Level 4 of the Snake Pit
 35861 | Snake:4  | Found an ancient bone altar of Kikubaaqudgha.
 35976 | Snake:4  | Reached skill level 15 in Fighting
 36072 | Snake:4  | HP: 4/178 [nagaraja/poison arrow (36)]
 36438 | Snake:4  | Reached XP level 19. HP: 171/186 MP: 8/24
 36626 | Snake:4  | Got a serpentine rune of Zot
 37382 | Elf:1    | Entered Level 1 of the Elven Halls
 38060 | Elf:1    | Got a twisted scale mail
 38061 | Elf:1    | Identified the +3 scale mail "Gullam" {+Blink} (You found
                  | it on level 1 of the Elven Halls)
 38329 | Elf:1    | Reached skill level 10 in Stealth
 39187 | Elf:2    | Reached skill level 20 in Axes
 39381 | Elf:2    | Found a huge runed translucent gate.
 39381 | Elf:2    | Found a huge runed translucent gate.
 39382 | Elf:2    | Found a huge runed translucent gate.
 39384 | Elf:2    | Found a huge runed translucent gate.
 39391 | Elf:2    | Found a huge runed translucent gate.
 39829 | Elf:2    | Reached skill level 15 in Invocations
 40181 | Vaults:1 | Entered Level 1 of the Vaults
 40617 | Vaults:1 | Reached XP level 20. HP: 192/198 MP: 5/26
 40963 | Vaults:1 | Noticed Asterion
 41016 | Vaults:1 | Killed Asterion
 42332 | Vaults:2 | Found a magical portal.
 42341 | WizLab   | Entered Iskenderun's Mystic Tower
 43378 | WizLab   | Identified Iskenderun's Papyrus of Arcane Weapons
 43378 | WizLab   | Identified Iskenderun's Compendium of Attacks
 43868 | Vaults:2 | Noticed Sojobo
 43941 | Vaults:2 | Killed Sojobo
 44079 | Vaults:2 | Identified the cursed +1 executioner's axe "Rouzaq" {speed,
                  | rN+ SInv}
 44178 | Vaults:2 | You fall through a shaft for 2 floors!
 44210 | Vaults:4 | Reached skill level 15 in Crossbows
 44673 | Vaults:4 | Reached skill level 21 in Axes
 45030 | Vaults:4 | Reached XP level 21. HP: 198/208 MP: 27/27
 46269 | Vaults:3 | Found Elofya's Armour Emporium.
 46286 | Vaults:3 | Paralysed by a floating eye for 3 turns
 46738 | Vaults:3 | Found a staircase to the Crypt.
 47112 | Vaults:2 | Reached skill level 22 in Axes
 47115 | Vaults:2 | Noticed Margery
 47135 | Vaults:2 | Killed Margery
 49445 | Depths:1 | Entered Level 1 of the Depths
 49662 | Depths:1 | Reached XP level 22. HP: 200/219 MP: 28/28
 50249 | Depths:1 | Found a gateway to a ziggurat.
 50264 | Depths:1 | Found Wocvuell's General Store.
 50269 | Depths:1 | Bought a potion of curing for 48 gold pieces
 50269 | Depths:1 | Bought a potion of heal wounds for 80 gold pieces
 50578 | Depths:1 | Found a gateway to Hell.
 51188 | Depths:2 | Found a transporter.
 51192 | Depths:2 | Noticed P0WERM0DE's ghost (adept DDFi)
 51193 | Depths:2 | Noticed an ancient lich
 51208 | Depths:2 | Reached skill level 23 in Axes
 52324 | Depths:2 | Found a one-way gate to the infinite horrors of the Abyss.
 52453 | Depths:2 | Got a steaming lapis lazuli ring
 52482 | Depths:2 | Identified the ring "Fieng" {+Blink rF+ rN+ SInv} (You
                  | found it on level 2 of the Depths)
 52580 | Depths:2 | Found a transporter.
 53131 | Depths:3 | Found a one-way gate leading to the halls of Pandemonium.
 53268 | Depths:3 | Noticed Frederick
 53298 | Depths:3 | Killed Frederick
 53686 | Depths:3 | Found a runed translucent door.
 54725 | Depths:3 | Noticed a golden dragon
 54731 | Depths:3 | Killed a golden dragon
 54731 | Depths:3 | Reached XP level 23. HP: 222/230 MP: 28/28
 54893 | Depths:3 | Got a brightly glowing rapier
 54894 | Depths:3 | Identified the cursed +1 rapier "Annaos" {venom, *Rage
                  | rPois rN+ Stlth+} (You found it on level 3 of the Depths)
 55328 | Depths:4 | Reached skill level 24 in Axes
 55484 | Depths:4 | Paralysed by a lich for 5 turns
 55581 | Depths:4 | Got a crude lapis lazuli ring
 55582 | Depths:4 | Identified the ring of Ympefeom {AC+3 Stlth+} (You found it
                  | on level 4 of the Depths)
 55781 | Depths:4 | Noticed a juggernaut
 55805 | Depths:4 | Identified the amulet "Vuofraav" {Reflect rElec MR+ SH+5}
 55862 | Depths:4 | Found Luupab's Jewellery Boutique.
 56716 | Depths:4 | Noticed a caustic shrike
 56735 | Depths:4 | Killed a caustic shrike
 56848 | Depths:4 | Killed a juggernaut
 56919 | Depths:4 | Got a shimmering ring mail
 56920 | Depths:4 | Identified the cursed +0 ring mail of the Vaults {Dex+3}
                  | (You found it on level 4 of the Depths)
 57498 | Depths:5 | Entered Level 5 of the Depths
 57637 | Depths:5 | Gained mutation: Scrolls take you a little longer to read.
                  | [a cacodemon]
 57955 | Depths:5 | Got a shimmering great sword
 57958 | Depths:5 | Identified the +7 great sword of Zahurr Mygie {slice, Str-2
                  | Dex+7} (You found it on level 5 of the Depths)
 58234 | Depths:5 | Reached XP level 24. HP: 205/242 MP: 28/28
 58266 | Depths:5 | Reached skill level 25 in Axes
 58490 | Depths:5 | Found a gate to the Realm of Zot.
 59391 | Elf:3    | Entered Level 3 of the Elven Halls
 59563 | Elf:3    | Found Roufug's Distillery.
 59571 | Elf:3    | Bought 2 potions of curing for 108 gold pieces
 59571 | Elf:3    | Bought a potion of curing for 54 gold pieces
 59571 | Elf:3    | Bought 2 potions of curing for 108 gold pieces
 59571 | Elf:3    | Bought 2 potions of curing for 108 gold pieces
 59789 | D:14     | You paid a toll of 19 potions of curing to enter a treasure
                  | trove
 59790 | Trove    | Entered a treasure trove
 59813 | Trove    | Found the +8 Wrath of Trog {antimagic, *Rage}
 59844 | Trove    | Got a heavily runed amethyst amulet
 59851 | Trove    | Identified the amulet of Laem {Acrobat MR+} (You found it
                  | in a treasure trove)
 60700 | Elf:3    | Got a translucent steel ring
 60703 | Elf:3    | Identified the ring of Zuguugir {+Blink rN+ Slay+3 Stlth+}
                  | (You found it on level 3 of the Elven Halls)
 60733 | Elf:3    | Found the brooch of Shielding {Reflect SH+8}
 60756 | Elf:3    | Identified a +0 pair of boots of running (You found it on
                  | level 3 of the Elven Halls)
 60770 | Elf:3    | Identified the +6 glaive "Iseob" {flame, +Rage rC++ Str+4}
                  | (You found it on level 3 of the Elven Halls)
 60824 | Elf:3    | Identified the +7 hunting sling of Eborys {freeze, Str+6}
                  | (You found it on level 3 of the Elven Halls)
 60997 | Elf:3    | Identified the +6 chain mail of Homynyz {rCorr} (You found
                  | it on level 3 of the Elven Halls)
 61474 | Vaults:5 | Entered Level 5 of the Vaults
 61509 | Vaults:5 | Reached skill level 10 in Evocations
 61513 | Vaults:5 | Reached skill level 26 in Axes
 61516 | Vaults:5 | Noticed an ancient lich
 61538 | Vaults:5 | HP: 1/244 [stone giant (23)]
 61539 | Vaults:5 | Elyvilon protects you from harm!
 61540 | Vaults:5 | Slain by a yaktaur captain

Skill      XL: |  1  2  3  4  5  6  7  8  9 10 11 12 13 14 15 16 17 18 19 20 21 22 23 24 |
---------------+-------------------------------------------------------------------------+-----
Crossbows      | 5 6 7 9 10 11 12 13 14 15 16 17 | 17.3
Fighting       | 2 3 4 5 7 8 9 10 12 13 14 15 16 17 18 19 20 | 20.1
Armour         | 1 2 3 5 6 7 8 9 10 11 12 13 14 | 14.5
Axes           | 1 4 5 6 8 9 11 13 14 15 16 18 19 20 21 22 23 24 26 | 26.1
Stealth        | 2 5 7 9 10 | 10.7
Dodging        | 3 4 5 7 8 9 10 11 12 13 | 13.2
Invocations    | 1 4 5 7 8 10 11 12 13 15 16 17 18 | 18.3
Evocations     | 1 2 3 5 7 8 9 10 | 10.2

Action                   |  1- 3 |  4- 6 |  7- 9 | 10-12 | 13-15 | 16-18 | 19-21 | 22-24 || total
-------------------------+-------+-------+-------+-------+-------+-------+-------+-------++-------
Melee: War axe           |       |    80 |   202 |   273 |       |       |       |       ||   555
       Battleaxe         |       |       |       |   354 |   713 |   911 |       |       ||  1978
       Hand axe          |       |       |       |       |       |   694 |  1118 |       ||  1812
       Executioner's axe |       |       |       |       |       |       |   741 |  1433 ||  2174
 Fire: Hand crossbow     |    85 |   139 |   250 |   327 |   389 |   679 |   800 |       ||  2669
       Arbalest          |       |       |       |       |       |       |       |   555 ||   555
Throw: Throwing net      |       |       |       |     2 |       |     3 |       |       ||     5
Invok: Lesser Healing    |       |       |       |    71 |   182 |   397 |   314 |   258 ||  1222
       Divine Protection |       |       |       |     2 |       |       |       |     1 ||     3
       Greater Healing   |       |       |       |     3 |     3 |    10 |     7 |     2 ||    25
       Purification      |       |       |       |       |       |     9 |     1 |     1 ||    11
       Divine Vigour     |       |       |       |       |       |     1 |       |       ||     1
 Abil: Heal Wounds       |       |     2 |     3 |     5 |     1 |     5 |     2 |     3 ||    21
       Evoke Blink       |       |       |       |       |       |       |       |    15 ||    15
       Evoke Invisibilit |       |       |       |       |       |       |       |     3 ||     3
Evoke: Wand              |       |       |       |     3 |     6 |   102 |    18 |     8 ||   137
       Box of beasts     |       |       |       |       |     1 |       |       |       ||     1
       Lightning rod     |       |       |       |       |       |    15 |    19 |    18 ||    52
       Lamp of fire      |       |       |       |       |       |     2 |     4 |     1 ||     7
       Sack of spiders   |       |       |       |       |       |     1 |       |     4 ||     5
       Phial of floods   |       |       |       |       |       |       |       |     1 ||     1
       Phantom mirror    |       |       |       |       |       |       |       |     2 ||     2
  Use: Scroll            |     4 |     6 |     6 |    12 |    16 |    11 |    12 |    40 ||   107
       Potion            |       |     1 |       |     4 |     5 |    17 |     1 |     6 ||    34
 Stab: Sleeping          |       |       |       |       |     1 |     4 |     4 |       ||     9
       Distracted        |       |       |       |       |       |     1 |     1 |       ||     2
       Invisible         |       |       |       |       |       |       |       |     3 ||     3
  Eat: Chunk             |     1 |     8 |    11 |    27 |    45 |    53 |    67 |    57 ||   269
       Ration            |       |       |       |     2 |     4 |    17 |     8 |     7 ||    38
Armor: Leather armour    |    12 |    63 |   133 |     1 |       |       |       |       ||   209
       Plate armour      |       |       |       |   270 |       |       |       |       ||   270
       Scale mail        |       |       |       |   101 |   421 |   162 |       |       ||   684
       Chain mail        |       |       |       |    16 |       |       |       |       ||    16
       Ice dragon scales |       |       |       |       |       |  1175 |   726 |   831 ||  2732
       Skin              |       |       |       |       |       |     5 |       |       ||     5
Dodge: Dodged            |    31 |   103 |   206 |   288 |   432 |  1489 |   839 |   880 ||  4268
